 Dungeon Crawl Stone Soup version 0.27.1 (webtiles) character file.

Game seed: 635438645064752396

51 Naeght the Poker (level 3, 0/28 HPs)
             Began as a Merfolk Gladiator on Aug 27, 2021.
             Succumbed to an adder's poison
             ... on level 2 of the Dungeon.
             The game lasted 00:01:18 (615 turns).

Naeght the Poker (Merfolk Gladiator)                 Turns: 615, Time: 00:01:19

Health: 0/28       AC:  4    Str: 15    XL:     3   Next: 83%
Magic:  3/3        EV: 13    Int:  7    God:
Gold:   41         SH:  0    Dex: 15    Spells: 2/2 levels left

rFire    . . .     SeeInvis .   a - +0 trident
rCold    . . .     Faith    .   (no shield)
rNeg     . . .     Spirit   .   b - +0 leather armour
rPois    .         Reflect  .   c - +0 helmet
rElec    .         Harm     .   (no cloak)
rCorr    .         Rampage  .   (no gloves)
Will     .....                  (no boots)
Stlth    +.........             (no amulet)
HPRegen  0.09/turn              (no ring)
MPRegen  0.08/turn              (no ring)

@: lethally poisoned (0 -> 0)
A: (nimble swimmer 2), mertail
a: no special abilities


You were on level 2 of the Dungeon.
You visited 1 branch of the dungeon, and saw 2 of its levels.

You collected 41 gold pieces.

Inventory:

Hand Weapons
 a - a +0 trident (weapon)
Missiles
 d - 3 throwing nets (quivered)
Armour
 b - a +0 leather armour (worn)
 c - a +0 helmet (worn)
Scrolls
 g - 2 scrolls of identify {unknown}
 h - a scroll of brand weapon {unknown}
Potions
 f - a potion of curing {unknown}


   Skills:
 + Level 2.9 Fighting
 * Level 5.7 Polearms
 - Level 2.0 Throwing
 + Level 4.6 Dodging


You had 2 spell levels left.
You didn't know any spells.
Your spell library was empty.

Dungeon Overview and Level Annotations

Branches:
Dungeon (2/15)

Altars:


Innate Abilities, Weirdness & Mutations

((You are quick and stealthy near water. (Stealth+, EV+, Speed+++)))
Your lower body shifts to a powerful aquatic tail in water.


Message History

The adder poisons you!
You hit the adder but do no damage.
The adder is lightly wounded.
You feel sick. The adder bites you.
You are more poisoned.
The adder poisons you!
You closely miss the adder.
The adder is lightly wounded.
You feel sick. The adder closely misses you. The adder bites you.
You are too injured to fight recklessly!
You are too injured to fight recklessly!
You are too injured to fight recklessly!
An adder is nearby!
An adder is nearby!
An adder is nearby!
An adder is nearby!
You are too injured to fight recklessly!
You puncture the adder!
The adder is severely wounded.
You feel sick. The adder closely misses you.
You closely miss the adder.
The adder is severely wounded.
You feel sick. The adder closely misses you.
You barely miss the adder.
The adder is severely wounded.
You feel sick. The adder barely misses you. The adder bites you.
* * * LOW HITPOINT WARNING * * *
You miss the adder.
The adder is severely wounded.
You feel sick. The adder bites you.
* * * LOW HITPOINT WARNING * * *
You hit the adder.
You kill the adder!
* * * LOW HITPOINT WARNING * * *
You feel sick.
* * * LOW HITPOINT WARNING * * *
You feel sick.
There is a lethal amount of poison in your body!
It was a potion of magic.
Magic courses through your body.
You die...

#...###.#
#.###.##
...>....####.#
#...
#.........#
####
#....######
#....#
####...(#
..#....#
#.#....#
..####@##.###
...........#
.###.####..# #
#..# ...#
##..# ...#
#..# #..#


There were no monsters in sight!

Vanquished Creatures
  2 adders (D:2)
  3 dart slugs (D:1)
  5 endoplasms
  A giant cockroach (D:1)
  A goblin (D:1)
  3 hobgoblins (D:1)
  A quokka (D:1)
  3 ball pythons (D:1)
  A frilled lizard (D:1)
  3 kobolds (D:1)
  2 rats (D:1)
25 creatures vanquished.

Notes
Turn   | Place    | Note
-------+----------+-------------------------------------------
     0 | D:1      | Naeght the Merfolk Gladiator began the quest for the Orb.
     0 | D:1      | Reached XP level 1. HP: 16/16 MP: 1/1
    81 | D:1      | Reached XP level 2. HP: 17/23 MP: 2/2
   211 | D:1      | Reached skill level 5 in Polearms
   320 | D:1      | Reached XP level 3. HP: 28/28 MP: 3/3
   614 | D:2      | HP: 1/28 [poisoned by an adder]
   615 | D:2      | Succumbed to an adder's poison

Illustrated notes

Levels and vault maps discovered:
D:1:      matt_arrival_refuge, layout_rooms
D:2:      layout_basic, minmay_diced_spiral

Skill      XL: |  1  2 |
---------------+-------+-----
Polearms       | 5 |  5.7
Fighting       | |  2.9
Throwing       | |  2.0
Dodging        | |  4.6

Action                   || total
-------------------------++-------
Melee: Trident           ||    77
  Use: Potion            ||     1
Armor: Leather armour    ||    12
Dodge: Dodged            ||    38
